 Dungeon Crawl Stone Soup version 0.22.1-1-ga44c0e56f4 (webtiles) character file.

11244 LLavrengius the Fighter (level 12, -2/84 HPs)
             Began as a Kobold Arcane Marksman on Oct 27, 2018.
             Was a High Priest of Okawaru.
             Slain by a nine-headed hydra (7 damage)
             ... on level 11 of the Dungeon.
             The game lasted 01:15:17 (16483 turns).

LLavrengius the Fighter (Kobold Arcane Marksman)   Turns: 16483, Time: 01:15:17

Health: -2/84      AC:  9    Str: 13    XL:     12   Next: 5%
Magic:  15/16      EV: 17    Int: 15    God:    Okawaru [*****.]
Gold:   720        SH:  0    Dex: 16    Spells: 11/13 levels left

rFire    . . .     SeeInvis .   U - +8 hand axe of Pestilence {freeze, *Rage rC+ rN+ Str+2}
rCold    + . .     Gourm    .   (shield restricted)
rNeg     + + .     Faith    .   H - +0 ring mail {rN+}
rPois    .         Spirit   .   (no helmet)
rElec    .         Reflect  .   h - +0 cloak
rCorr    .         Harm     .   V - +1 pair of gloves {archery}
MR       +....     Rnd*Rage +   m - +0 pair of boots
Stlth    +.........             (no amulet)
HPRegen  0.24/turn              e - ring of protection from magic
MPRegen  0.15/turn              (no ring)

@: about to teleport
A: small, carnivore
a: Heroism, Finesse, Renounce Religion


You were on level 11 of the Dungeon.
You worshipped Okawaru.
Okawaru was extremely pleased with you.
You were very hungry.

You visited 3 branches of the dungeon, and saw 13 of its levels.
You also visited: Ossuary.

You collected 720 gold pieces.

Inventory:

Hand Weapons
 a - a +1 hand crossbow
 v - a +1 short sword of flaming
 U - the +8 hand axe of Pestilence (weapon) {freeze, *Rage rC+ rN+ Str+2}
   (You took it off a centaur on level 11 of the Dungeon)

   It has been specially enchanted to freeze those struck by it, causing extra
   injury to most foes and up to half again as much damage against particularly
   susceptible opponents.
   It can also slow down cold-blooded creatures.
   It affects your strength (+2).
   It protects you from cold.
   It protects you from negative energy.
   It may make you go berserk in combat.
Missiles
 d - 94 bolts
 i - 402 stones (quivered)
 j - 109 sling bullets
 O - 2 throwing nets
Armour
 h - a +0 cloak (worn)
 m - a +0 pair of boots (worn)
 B - a scarf of repulsion
 H - a +0 ring mail of positive energy (worn)
 V - a +1 pair of gloves of archery (worn)
Magical Staves
 q - an uncursed staff of poison
 F - an uncursed staff of death
Jewellery
 e - a ring of protection from magic (left hand)
 R - an uncursed ring of ice
Wands
 D - a wand of scattershot (1)
 M - a wand of enslavement (19)
 N - a wand of paralysis (12)
Scrolls
 c - 2 scrolls of teleportation
 g - 4 scrolls of identify
 n - 3 scrolls of amnesia
 o - 5 scrolls of enchant weapon
 p - a scroll of enchant armour {unknown}
 y - 2 scrolls of brand weapon {unknown}
 z - a scroll of immolation
 C - 2 scrolls of remove curse
 G - a scroll of fog
 S - a scroll of blinking {unknown}
Potions
 b - 4 potions of might {unknown}
 k - 5 potions of agility
 l - 4 potions of curing
 r - 4 potions of mutation {unknown}
 t - 4 potions of degeneration {unknown}
 u - 3 potions of lignification {unknown}
 w - 4 potions of flight
 x - a potion of berserk rage {unknown}
 E - a potion of ambrosia {unknown}
 I - 2 potions of invisibility {unknown}
 J - a potion of resistance {unknown}
 K - 2 potions of haste {unknown}
 L - 2 potions of cancellation {unknown}
 P - a potion of brilliance {unknown}
Comestibles
 f - 21 rations


   Skills:
 + Level 13.1 Fighting
 - Level 4.0 Short Blades
 + Level 0.0 Axes
 - Level 11.1 Crossbows
 * Level 6.8 Dodging
 - Level 1.1 Spellcasting
 - Level 2.1 Conjurations
 + Level 3.4 Hexes
 * Level 6.0 Invocations
 - Level 5.1 Evocations


You had 11 spell levels left.
You knew the following spells:

 Your Spells              Type           Power        Failure   Level  Hunger
a - Corona                Hex            ##.....      13%         1    ##.....
b - Sting                 Conj/Pois      #...         34%         1    ##.....

Your spell library contained the following spells:

 Spells                   Type           Power        Failure   Level  Hunger
 Slow                     Hex            ##......     21%         2    ###....
 Searing Ray              Conj           #.....       32%         2    ###....
 Throw Frost              Conj/Ice       #.....       45%         2    ###....
 Infusion                 Chrm           #...         47%         1    ##.....
 Sandblast                Erth           #.....       47%         1    ##.....
 Passwall                 Tmut/Erth      #.......     63%         2    ###....
 Shroud of Golubria       Chrm/Tloc      #.........   63%         2    ###....
 Song of Slaying          Chrm           #.......     63%         2    ###....
 Inner Flame              Hex/Fire       #.......     63%         3    ####...
 Portal Projectile        Hex/Tloc       #.....       63%         3    ####...
 Spectral Weapon          Hex/Chrm       #.......     63%         3    ####...
 Stone Arrow              Conj/Erth      #.....       71%         3    ####...
 Cause Fear               Hex            ##........   78%         4    #####..
 Ozocubu's Armour         Chrm/Ice       #.......     85%         3    ####...
 Regeneration             Chrm/Necr      #.........   85%         3    ####...
 Leda's Liquefaction      Hex/Erth       #.........   95%         4    #####..
 Petrify                  Tmut/Erth      #.......     99%         4    #####..
 Bolt of Draining         Conj/Necr      #.........   100%        5    ######.
 Lee's Rapid Deconstruct  Erth           #.........   100%        5    ######.
 Orb of Destruction       Conj           #.........   100%        7    #######


Dungeon Overview and Level Annotations

Branches:
Dungeon (11/15)            Temple (1/1) D:4            Lair (1/6) D:10
    Orc (0/2) D:10

Altars:
Ashenzari
Cheibriados
Dithmenos
Elyvilon
Fedhas
Gozag
Hepliaklqana
Kikubaaqudgha
Makhleb
Nemelex Xobeh
Okawaru
Qazlal
Ru
Sif Muna
Trog
Uskayaw
Vehumet
Wu Jian
Xom
Yredelemnul
Zin
The Shining One
Beogh

Annotations:
D:4 Dowan, Duvessa


Innate Abilities, Weirdness & Mutations

You are small and have problems with some larger weapons.
You are carnivorous and can eat meat at any time.


Message History

The eight-headed hydra bites you.
* * * LOW HITPOINT WARNING * * *
The eight-headed hydra bites you but does no damage.
The eight-headed hydra misses you.
The eight-headed hydra barely misses you.
The eight-headed hydra completely misses you.
You slice one of the eight-headed hydra's heads off!
The seven-headed hydra grows two more!
You hit the nine-headed hydra. You freeze the nine-headed hydra.
The nine-headed hydra is lightly wounded.
Your hands slow down.
The nine-headed hydra closely misses you.
The nine-headed hydra bites you!
* * * LOW HITPOINT WARNING * * *
The nine-headed hydra bites you!
* * * LOW HITPOINT WARNING * * *
The nine-headed hydra bites you but does no damage.
The nine-headed hydra closely misses you.
The nine-headed hydra bites you!
You die...

#...... ####### ##
#(( #.## ######=#
###.#### #.....).
#..>...# #.......
#......####.......
#.D.......#.(.....
#@.....##.'(.....>
#...<..####.......
#......# #.......
#......# #.......
#......# #.......
#......# ########
########


You could see a nine-headed hydra.

Vanquished Creatures
  Erica (D:8)
  2 two-headed ogres
  An ugly thing (D:11)
  A manticore (D:11)
  A spiny frog (Lair:1)
  A troll (D:10)
  A merfolk (D:9)
  3 hippogriffs
  A wyvern (D:9)
  7 yaks
  Grum (D:8)
  2 humans (D:8)
  A hungry ghost (D:7)
  A basilisk (D:10)
  A water moccasin (D:7)
  2 porcupines (Lair:1)
  5 orc warriors
  3 ice beasts
  2 black bears
  3 ogres
  An eye of draining (D:10)
  2 wolves (D:8)
  A phantom (D:9)
  A necrophage (D:10)
  11 centaurs
  2 crocodiles
  6 bullfrogs
  A wyvern skeleton (D:7)
  A scorpion (D:5)
  10 killer bees
  2 howler monkeys (D:8)
  2 crimson imps
  A centaur zombie (D:11)
  3 jellies
  10 orc priests
  2 hounds
  3 bullfrog skeletons
  9 orc wizards
  2 centaur skeletons
  3 iguanas
  6 worker ants
  Ijyb (D:5)
  A big kobold zombie (Ossuary)
  A hound zombie (D:10)
  8 mummies (Ossuary)
  13 adders
  2 shadow imps
  An ooze (D:7)
  An adder zombie (D:6)
  4 worms
  3 dart slugs
  4 leopard geckos
  43 orcs
  A ball python (D:1)
  4 bats
  9 giant cockroaches
  2 gnoll zombies (Ossuary)
  5 hobgoblins
  8 kobolds
  5 quokkas
  6 frilled lizards
  4 goblins
  2 hobgoblin zombies (Ossuary)
  3 kobold zombies (Ossuary)
  2 leopard gecko zombies (D:6)
  3 quokka skeletons
  16 rats
271 creatures vanquished.

Vanquished Creatures (others)
  An elephant (D:10)
1 creature vanquished.

Grand Total: 272 creatures vanquished

Notes
Turn   | Place    | Note
-------+----------+-------------------------------------------
     0 | D:1      | LLavrengius the Kobold Arcane Marksman began the quest for
                  | the Orb.
     0 | D:1      | Reached XP level 1. HP: 12/12 MP: 2/2
     2 | D:1      | Noticed a gargoyle
     2 | D:1      | Noticed a dwarf
     4 | D:1      | Noticed a felid
     4 | D:1      | Noticed a merfolk
     6 | D:1      | Noticed a centaur
     8 | D:1      | Noticed an ogre
    10 | D:1      | Noticed a demonspawn
    10 | D:1      | Noticed a halfling
    12 | D:1      | Noticed a minotaur
    12 | D:1      | Noticed a vine stalker
    14 | D:1      | Noticed a demigod
    14 | D:1      | Noticed a draconian
    16 | D:1      | Noticed an octopode
    18 | D:1      | Noticed a formicid
    18 | D:1      | Noticed a ghoul
    20 | D:1      | Noticed a troll
    20 | D:1      | Noticed a human
    22 | D:1      | Noticed a spriggan
    22 | D:1      | Noticed a naga
    24 | D:1      | Noticed an elf
    26 | D:1      | Noticed a vampire
    26 | D:1      | Noticed a tengu
    57 | D:1      | Reached XP level 2. HP: 7/16 MP: 3/3
   833 | D:1      | Reached XP level 3. HP: 16/20 MP: 4/4
  1889 | D:2      | Reached skill level 2 in Fighting
  2225 | D:2      | Reached XP level 4. HP: 21/27 MP: 5/5
  2444 | D:2      | Found a snail-covered altar of Cheibriados.
  2456 | D:2      | Reached skill level 3 in Fighting
  2456 | D:2      | Reached XP level 5. HP: 12/32 MP: 6/6
  2660 | D:2      | Found a faded altar of an unknown god.
  4064 | D:4      | Noticed an ogre
  4431 | D:4      | Reached skill level 1 in Short Blades
  4516 | D:4      | Reached XP level 6. HP: 11/38 MP: 7/7
  4897 | D:4      | Noticed an ogre
  5265 | D:4      | Found a staircase to the Ecumenical Temple.
  5267 | D:4      | Noticed Duvessa
  5267 | D:4      | Noticed Dowan
  5290 | Temple   | Entered the Ecumenical Temple
  5336 | Temple   | Became a worshipper of Warmaster Okawaru
  5373 | D:5      | Entered Level 5 of the Dungeon
  5854 | D:5      | Noticed Ijyb
  5862 | D:5      | Paralysed by Ijyb for 4 turns
  5870 | D:5      | Killed Ijyb
  5870 | D:5      | Reached skill level 4 in Fighting
  5870 | D:5      | Reached skill level 5 in Crossbows
  6300 | D:5      | Reached skill level 1 in Evocations
  6618 | D:5      | Reached XP level 7. HP: 44/44 MP: 8/8
  7240 | D:5      | Reached * piety under Okawaru
  7439 | D:6      | Reached skill level 5 in Fighting
  7912 | D:6      | Reached XP level 8. HP: 31/51 MP: 9/11
  8310 | D:7      | Reached skill level 6 in Fighting
  8310 | D:7      | Reached skill level 1 in Invocations
  8414 | D:7      | Reached ** piety under Okawaru
  8414 | D:7      | Reached skill level 5 in Evocations
  8534 | D:7      | Reached skill level 7 in Fighting
  8722 | D:7      | Reached XP level 9. HP: 59/59 MP: 12/12
  8892 | D:7      | Reached skill level 8 in Fighting
  9023 | D:7      | Reached skill level 9 in Fighting
  9327 | D:7      | Found a burning altar of Makhleb.
  9327 | D:7      | Noticed a blizzard demon
  9331 | D:7      | Noticed a smoke demon
  9546 | D:8      | Reached *** piety under Okawaru
  9546 | D:8      | Reached skill level 10 in Fighting
  9591 | D:8      | Noticed a two-headed ogre
  9598 | D:8      | Killed a two-headed ogre
  9598 | D:8      | Reached skill level 11 in Fighting
  9637 | D:8      | Noticed a hippogriff
  9642 | D:8      | Reached XP level 10. HP: 56/70 MP: 13/13
  9668 | D:8      | Reached skill level 12 in Fighting
  9746 | D:8      | Noticed Erica
  9866 | D:8      | Reached **** piety under Okawaru
  9907 | D:8      | Found an iron altar of Okawaru.
 10028 | D:8      | Found a sand-covered staircase.
 10037 | Ossuary  | Entered an ossuary
 10494 | D:8      | Noticed Grum
 10502 | D:8      | Killed Grum
 10903 | D:8      | Killed Erica
 10903 | D:8      | Received a gift from Okawaru
 11801 | D:9      | Reached XP level 11. HP: 69/77 MP: 14/14
 11988 | D:9      | Reached ***** piety under Okawaru
 12002 | D:9      | Received a gift from Okawaru
 12002 | D:9      | Reached skill level 10 in Crossbows
 12582 | D:9      | Identified the Incunabulum of Harmful Snow
 12702 | D:10     | Entered Level 10 of the Dungeon
 12943 | D:10     | Noticed a death yak
 12943 | D:10     | Noticed an elephant
 13239 | D:10     | Noticed a two-headed ogre
 13248 | D:10     | Killed a two-headed ogre
 13248 | D:10     | Received a gift from Okawaru
 13248 | D:10     | Reached skill level 13 in Fighting
 13538 | D:10     | Found a roughly hewn altar of Beogh.
 13848 | D:10     | Found a staircase to the Orcish Mines.
 14150 | D:10     | Found a staircase to the Lair.
 14180 | D:10     | Received a gift from Okawaru
 14180 | D:10     | Reached skill level 5 in Dodging
 14847 | D:10     | Learned a level 1 spell: Sting
 15080 | Lair:1   | Entered Level 1 of the Lair of Beasts
 15396 | Lair:1   | Reached skill level 1 in Conjurations
 15424 | Lair:1   | Received a gift from Okawaru
 15424 | Lair:1   | Reached skill level 5 in Invocations
 15450 | Lair:1   | Noticed a catoblepas
 15787 | Lair:1   | Noticed a seven-headed hydra
 15871 | D:11     | Noticed a manticore
 15881 | D:11     | Killed a manticore
 15881 | D:11     | Received a gift from Okawaru
 15886 | D:11     | Noticed a brown ugly thing
 15910 | D:11     | Killed a brown ugly thing
 15924 | D:11     | Reached XP level 12. HP: 15/84 MP: 12/16
 15926 | D:11     | HP: 2/84 [centaur/uncursed iridescent hand axe {freeze}
                  | (5)]
 16299 | D:11     | Got an uncursed iridescent hand axe {freeze}
 16321 | D:11     | Identified the +8 hand axe of Pestilence {freeze, *Rage rC+
                  | rN+ Str+2} (You took it off a centaur on level 11 of the
                  | Dungeon)
 16406 | D:11     | Noticed a six-headed hydra
 16483 | D:11     | Slain by a nine-headed hydra

Skill      XL: |  1  2  3  4  5  6  7  8  9 10 11 12 |
---------------+-------------------------------------+-----
Dodging        | 3 6 |  6.8
Crossbows      | 3 4 5 9 11 | 11.1
Fighting       | 2 3 4 5 7 11 12 13 | 13.1
Short Blades   | 1 3 4 |  4.0
Evocations     | 1 4 5 |  5.1
Invocations    | 2 5 6 |  6.0
Conjurations   | 2 |  2.1
Spellcasting   | |  1.1
Hexes          | |  3.4

Action                   |  1- 3 |  4- 6 |  7- 9 | 10-12 || total
-------------------------+-------+-------+-------+-------++-------
Melee: Dagger            |    94 |       |       |       ||    94
       Whip              |    45 |   131 |       |       ||   176
       Short sword       |       |   126 |   216 |   134 ||   476
       Hand axe          |       |       |       |    11 ||    11
 Fire: Hand crossbow     |    21 |     2 |    44 |   421 ||   488
Throw: Stone             |       |       |       |    30 ||    30
Invok: Heroism           |       |       |       |     3 ||     3
       Finesse           |       |       |       |     2 ||     2
Evoke: Wand              |       |       |    37 |    75 ||   112
  Use: Scroll            |       |     7 |     6 |     5 ||    18
       Potion            |       |     1 |     1 |     8 ||    10
 Stab: Paralysed         |       |       |    12 |    13 ||    25
  Eat: Chunk             |    12 |     9 |    25 |    12 ||    58
       Ration            |       |       |     1 |       ||     1
Armor: Robe              |    23 |       |       |       ||    23
       Leather armour    |     2 |     5 |       |       ||     7
       Ring mail         |       |    71 |    66 |    72 ||   209
Dodge: Dodged            |   103 |   161 |   122 |   227 ||   613
